 Dungeon Crawl Stone Soup version 0.27.0-66-gdc8fb28755 (webtiles) character file.

Game seed: 9588261638435309429

506 ZARRMARR the Ruffian (level 6, 0/61 HPs)
             Began as a Troll Berserker on Aug 20, 2021.
             Was an Elder of Trog.
             Shot with an arrow by a centaur (6 damage)
             ... on level 6 of the Dungeon.
             The game lasted 00:13:26 (3903 turns).

ZARRMARR the Ruffian (Troll Berserker)              Turns: 3903, Time: 00:13:27

Health: 0/61       AC:  6    Str: 28    XL:     6   Next: 97%
Magic:  5/5        EV: 10    Int:  3    God:    Trog [****..]
Gold:   157        SH:  0    Dex:  9    Spells: 5/5 levels left

rFire    + . .     SeeInvis .     - Unarmed
rCold    x . .     Faith    .   (no shield)
rNeg     . . .     Spirit   .   a - +1 animal skin
rPois    .         Reflect  .   (helmet restricted)
rElec    .         Harm     .   i - +0 cloak
rCorr    .         Rampage  .   (gloves unavailable)
Will     .....                  (boots unavailable)
Stlth    +.........             (no amulet)
HPRegen  1.20/turn              e - ring of fire
MPRegen  0.09/turn              (no ring)

@: confused, ambrosia-drunk
A: large, unfitting armour, claws 3, regeneration 1, shaggy fur 1, tough skin 1
a: Renounce Religion, Berserk, Trog's Hand, Brothers in Arms


You were on level 6 of the Dungeon.
You worshipped Trog.
Trog was greatly pleased with you.
You visited 1 branch of the dungeon, and saw 5 of its levels.

You collected 157 gold pieces.

Inventory:

Armour
 a - a +1 animal skin (worn)
 i - a +0 cloak (worn)
Jewellery
 e - a ring of fire (left claw)
Scrolls
 d - a scroll of blinking
 h - a scroll of enchant armour
 l - a scroll of noise
Potions
 b - a potion of degeneration {unknown}
 c - 4 potions of curing
 f - a potion of attraction {unknown}
 g - a potion of brilliance {unknown}
 j - a potion of ambrosia
 k - a potion of flight {unknown}
 m - a potion of invisibility {unknown}


   Skills:
 + Level 3.1 Fighting
 + Level 1.6 Throwing
 + Level 3.7 Dodging
 + Level 0.7 Stealth
 + Level 6.1 Unarmed Combat


You had 5 spell levels left.
You didn't know any spells.
Your spell library was empty.

Dungeon Overview and Level Annotations

Branches:
Dungeon (4/15)
 Temple: D:4-7

Altars:


Innate Abilities, Weirdness & Mutations

You are too large for most types of armour.
You have claws for hands.
Your natural rate of healing is unusually fast.
You are covered in fur. (AC +1)
You have tough skin. (AC +1)


Message History

Things that are here:
a +0 dagger; a +0 morningstar; an orc corpse You see here a +0 hand axe.
You start waiting.
You feel yourself speed up.
You start waiting.
You recover from your berserk rage.
You now have 147 gold pieces (gained 12).
Found a stone staircase leading up.
m - a sedimented silvery potion You now have 157 gold pieces (gained 10).
Found a stone staircase leading down.
You fall into a shaft and drop 2 floors!
The shaft crumbles and collapses.
Found a robe.
You see here a +0 robe.
A centaur comes into view.
The centaur shouts!
The centaur wields a +1 shortbow of freezing.
It is covered in frost.
The centaur shoots an arrow.
The arrow hits you. The arrow freezes you.
The centaur shoots an arrow.
The arrow hits you! The arrow freezes you.
The centaur shoots an arrow.
The arrow hits you! The arrow freezes you.
Found 15 gold pieces.
The centaur shoots an arrow.
The arrow hits you! The arrow freezes you.
The centaur shoots an arrow.
The arrow hits you!
* * * LOW HITPOINT WARNING * * *
The arrow freezes you.
* * * LOW HITPOINT WARNING * * *
The centaur shoots an arrow.
The arrow hits you.
* * * LOW HITPOINT WARNING * * *
The arrow freezes you.
* * * LOW HITPOINT WARNING * * *
It was a potion of ambrosia.
You are confused.
You feel invigorated.
You bump into the rock wall.
The centaur shoots an arrow.
The arrow hits you!
* * * LOW HITPOINT WARNING * * *
The arrow freezes you.
You die...

.........#
########.#######
#.......#
#.#####...
########.# #.#
.........# #.#
########.# #.#
#.#####.#########
#....[...@..c.$.#
###############.#


You could see a centaur.

Vanquished Creatures
  Sigmund (D:3)
  An orc priest (D:4)
  Crazy Yiuf (D:2)
  Terence (D:2)
  2 iguanas (D:4)
  An orc wizard (D:3)
  A howler monkey skeleton (D:4)
  6 adders
  An adder skeleton (D:4)
  2 worms (D:2)
  2 dart slugs
  8 orcs
  7 endoplasms
  3 giant cockroaches
  10 goblins
  9 hobgoblins
  20 jackals
  9 quokkas
  5 ball pythons
  5 bats
  7 frilled lizards
  8 kobolds
  4 rats
114 creatures vanquished.

Notes
Turn   | Place    | Note
-------+----------+-------------------------------------------
     0 | D:1      | ZARRMARR the Troll Berserker began the quest for the Orb.
     0 | D:1      | Reached XP level 1. HP: 22/22 MP: 0/0
    42 | D:1      | Reached XP level 2. HP: 23/29 MP: 1/1
   167 | D:1      | Reached ** piety under Trog
   387 | D:1      | Reached XP level 3. HP: 36/36 MP: 2/2
   609 | D:1      | Found a faded altar of an unknown god.
  1018 | D:2      | Found a runed translucent door.
  1019 | D:2      | Noticed Crazy Yiuf
  1159 | D:2      | Reached XP level 4. HP: 44/44 MP: 3/3
  1170 | D:2      | Reached skill level 4 in Unarmed Combat
  1319 | D:2      | Noticed Terence
  1328 | D:2      | Killed Terence
  1357 | D:2      | Reached *** piety under Trog
  1740 | D:2      | Reached XP level 5. HP: 52/52 MP: 4/4
  1911 | D:2      | Killed Crazy Yiuf
  2547 | D:3      | Noticed Sigmund
  2555 | D:3      | Killed Sigmund
  2556 | D:3      | Reached skill level 1 in Throwing
  2556 | D:3      | Reached skill level 5 in Unarmed Combat
  2556 | D:3      | Reached XP level 6. HP: 61/61 MP: 5/5
  3532 | D:4      | Reached skill level 6 in Unarmed Combat
  3603 | D:4      | Reached **** piety under Trog
  3882 | D:4      | You fall into a shaft and drop 2 floors!
  3901 | D:6      | HP: 3/61 [centaur/arrow (3)]
  3903 | D:6      | Shot with an arrow by a centaur

Illustrated notes

Levels and vault maps discovered:
D:1:      minmay_arrival_statue_studded, layout_rooms,
          ebering_ecumenical_altar_mist, minmay_vboxes
D:2:      layout_loops_ring, kennysheep_another_room, minmay_indecisive_spiral,
          uniq_terence, uniq_crazy_yiuf_cottage
D:3:      layout_basic, uniq_sigmund
D:4:      layout_cave_pools
D:6:      layout_loops_ring, minmay_temple_entry_statues_fountains,
          ebering_dispersal_statue_hall, uniq_prince_ribbit1, uniq_menkaure,
          uniq_duvessa

Skill      XL: |  1  2  3  4  5  6 |
---------------+-------------------+-----
Dodging        | 3 |  3.7
Unarmed Combat | 4 5 6 |  6.1
Fighting       | 3 |  3.1
Throwing       | 1 |  1.6
Stealth        | |  0.7

Action                   |  1- 3 |  4- 6 || total
-------------------------+-------+-------++-------
Melee: Unarmed           |   118 |   146 ||   264
       Punch             |       |     1 ||     1
Throw: Boomerang         |     5 |    11 ||    16
Invok: Berserk           |     2 |     9 ||    11
  Use: Scroll            |     5 |     3 ||     8
       Potion            |       |     1 ||     1
 Stab: Sleeping          |     1 |       ||     1
Armor: Animal skin       |    41 |    45 ||    86
Dodge: Dodged            |    77 |    69 ||   146
